 Dungeon Crawl Stone Soup version 0.28.0-45-g0d030f2227 (webtiles) character file.

Game seed: 823761186531564221

339846 RepoMan the Wrestler (level 21, -2/223 HPs)
             Began as a Troll Gladiator on Apr 8, 2022.
             Was the Champion of Dithmenos.
             Shot with an arrow by a deep elf master archer (40 damage)
             ... on level 1 of the Depths on Apr 9, 2022.
             The game lasted 04:44:08 (41393 turns).

RepoMan the Wrestler (Troll Gladiator)             Turns: 41393, Time: 04:44:13

Health: -2/223     AC: 15    Str: 36    XL:     21   Next: 36%
Magic:  25/25      EV: 12    Int:  4    God:    Dithmenos [******]
Gold:   2581       SH:  5    Dex: 11    Spells: 17/20 levels left

rFire   + + +      SeeInvis +     - Unarmed
rCold   + . .      Faith    .   (no shield)
rNeg    . . .      Spirit   .   j - +0 swamp dragon scales "Onefinkost" {*Corrode rPois rF+++ Regen+ Slay+2}
rPois   +          Reflect  +   b - +1 hat
rElec   +          Harm     .   w - +1 cloak of Atheism {+Inv rElec SInv}
rCorr   .          Rampage  .   (gloves unavailable)
Will    ++...                   (boots unavailable)
Stlth   +.........              E - amulet of reflection
HPRegen 2.07/turn               U - ring of willpower
MPRegen 0.19/turn               D - ring of protection from cold

@: wreathed by umbra, studying 2 skills
A: large, unfitting armour, claws 3, regeneration 1, shaggy fur 1, tough skin 1,
talons 1, low MP 1, mutation resistance 1
}: 1/15 runes: serpentine
a: Renounce Religion, Evoke Invisibility, Shadow Step, Shadow Form


You were on level 1 of the Depths.
You worshipped Dithmenos.
Dithmenos was exalted by your worship.
You visited 9 branches of the dungeon, and saw 40 of its levels.
You also visited: Bailey.

You collected 4285 gold pieces.
You spent 1704 gold pieces at shops.

Inventory:

Hand Weapons
 f - a +8 battleaxe of flaming
Missiles
 t - 9 silver javelins
 z - a throwing net (quivered)
Armour
 b - a +1 hat (worn)
 d - a +1 kite shield of reflection
 j - the +0 swamp dragon scales "Onefinkost" (worn) {*Corrode rPois rF+++ Regen+ Slay+2}
   (You bought it in a shop on level 2 of the Orcish Mines)

   Slay:      It affects your accuracy & damage with ranged weapons and melee
   (+2).
   rF:        It renders you almost immune to fire.
   rPois:     It protects you from poison.
   Regen:     It increases your rate of health regeneration.
   *Corrode:  It may corrode you when you take damage.
 s - quicksilver dragon scales
 w - the +1 cloak of Atheism (worn) {+Inv rElec SInv}
   (You found it on level 4 of the Snake Pit)

   rElec:     It insulates you from electricity.
   SInv:      It lets you see invisible.
   +Inv:      It lets you turn invisible.
 x - the +2 ice dragon scales of Imouxoumo {rElec rF- rC++ rCorr Dex+2 SInv}
   (You found it in a bailey)

   Dex:       It affects your dexterity (+2).
   rF:        It makes you vulnerable to fire.
   rC:        It greatly protects you from cold.
   rElec:     It insulates you from electricity.
   SInv:      It lets you see invisible.
   rCorr:     It protects you from acid and corrosion.
 I - the +5 robe of Night {Dark Will+ SInv}
   (You found it on level 4 of the Snake Pit)

   It shrouds the wearer in darkness, reducing the range at which they can see
   and be seen by others.
   SInv:      It lets you see invisible.
   Will:      It increases your willpower.
 O - a +1 robe of resistance
Jewellery
 e - a +4 ring of evasion
 r - a ring of flight
 C - a ring of positive energy
 D - a ring of protection from cold (right claw)
 E - an amulet of reflection (around neck)
 F - a ring of positive energy
 U - a ring of willpower (left claw)
 W - a +6 ring of strength
 X - an amulet of guardian spirit
Wands
 a - a wand of flame (34)
 m - a wand of iceblast (44)
 q - a wand of polymorph (6)
 H - a wand of charming (7)
 R - a wand of paralysis (19)
 S - a wand of digging (6)
 T - a wand of mindburst (14)
Scrolls
 h - a scroll of brand weapon
 i - 3 scrolls of enchant armour
 k - 14 scrolls of teleportation
 l - 6 scrolls of fear
 o - 9 scrolls of amnesia
 p - 4 scrolls of fog
 u - 3 scrolls of vulnerability
 y - 10 scrolls of magic mapping
 A - 5 scrolls of identify
 G - a scroll of holy word
 N - 2 scrolls of torment
 P - 6 scrolls of immolation
Potions
 c - 6 potions of flight
 g - 4 potions of brilliance
 n - 8 potions of attraction
 v - 3 potions of curing
 B - 4 potions of magic
 J - a potion of invisibility
 K - 3 potions of cancellation
 L - a potion of mutation
 V - 3 potions of ambrosia
Miscellaneous
 M - a phial of floods


   Skills:
 + Level 16.4 Fighting
 - Level 1.7 Throwing
 + Level 10.0 Armour
 + Level 10.4 Dodging
 * Level 26.9 Unarmed Combat
 + Level 11.8 Invocations
 + Level 5.1 Evocations


You had 17 spell levels left.
You knew the following spells:

 Your Spells              Type           Power      Damage    Failure   Level
a - Wereblood             Tmut           0%         N/A       73%         2
g - Apportation           Tloc           0%         N/A       58%         1

Your spell library contained the following spells:

 Spells                   Type           Power      Damage    Failure   Level
 Animate Skeleton         Necr           0%         N/A       58%         1
 Pain                     Necr           0%         1d4       58%         1
 Sting                    Tmut/Pois      0%         1d3       58%         1
 Corpse Rot               Necr/Air       0%         N/A       73%         2
 Ensorcelled Hibernation  Hex/Ice        0%         N/A       73%         2
 Passwall                 Tmut/Erth      0%         N/A       73%         2
 Poisonous Vapours        Pois/Air       0%         N/A       73%         2
 Sublimation of Blood     Necr           0%         N/A       73%         2
 Dazzling Flash           Conj/Hex       0%         N/A       91%         3
 Summon Guardian Golem    Hex/Summ       0%         N/A       91%         3
 Swiftness                Air            0%         N/A       91%         3
 Vampiric Draining        Necr           0%         2d6       91%         3
 Airstrike                Air            0%         N/A       100%        4
 Animate Dead             Necr           0%         N/A       100%        4
 Dispel Undead            Necr           0%         3d6       100%        4
 Fulminant Prism          Conj/Hex       0%         3d6       100%        4
 Hailstorm                Conj/Ice       0%         3d3       100%        4
 Ice Form                 Ice/Tmut       0%         N/A       100%        4
 Iskenderun's Mystic Bla  Conj/Tloc      0%         2d3       100%        4
 Olgreb's Toxic Radiance  Pois           0%         N/A       100%        4
 Summon Lightning Spire   Summ/Air       0%         N/A       100%        4
 Agony                    Necr           0%         N/A       100%        5
 Alistair's Intoxication  Tmut/Pois      0%         N/A       100%        5
 Blade Hands              Tmut           0%         N/A       100%        5
 Irradiate                Conj/Tmut      0%         3d13      100%        5
 Lee's Rapid Deconstruct  Erth           0%         3d5*      100%        5
 Lightning Bolt           Conj/Air       0%         1d11      100%        5
 Metabolic Englaciation   Hex/Ice        0%         N/A       100%        5
 Silence                  Hex/Air        0%         N/A       100%        5
 Summon Forest            Summ/Tloc      0%         N/A       100%        5
 Death Channel            Necr           0%         N/A       100%        6
 Eringya's Noxious Bog    Tmut/Pois      0%         N/A       100%        6
 Simulacrum               Ice/Necr       0%         N/A       100%        6
 Dragon Form              Tmut           0%         N/A       100%        7
 Haunt                    Necr/Summ      0%         N/A       100%        7
 Orb of Destruction       Conj           0%         9d5       100%        7
 Spellforged Servitor     Conj/Summ      0%         N/A       100%        7
 Summon Hydra             Summ           0%         N/A       100%        7
 Infestation              Necr           0%         N/A       100%        8


Dungeon Overview and Level Annotations

Branches:
Dungeon (15/15)            Temple (1/1) D:5            Lair (6/6) D:10
  Swamp (4/4) Lair:4        Snake (4/4) Lair:2        Slime (0/5) Lair:6
    Orc (2/2) D:9             Elf (3/3) Orc:2        Vaults (4/5) D:13
  Crypt (0/3) Vaults:3     Depths (1/4) D:15         Bailey (visited)

Altars:
Ashenzari
Cheibriados
Dithmenos
Elyvilon
Fedhas
Gozag
Hepliaklqana
Kikubaaqudgha
Makhleb
Nemelex Xobeh
Okawaru
Qazlal
Ru
Sif Muna
Trog
Uskayaw
Vehumet
Wu Jian
Xom
Yredelemnul
Zin
The Shining One
Beogh

Shops:
D:3 (   Orc:2 [=:[   Elf:2 (   Vaults:2 [   Depths:1 ?

Portals:
Hell: Depths:1
Pandemonium: Depths:1

Annotations:
D:8 exclusion: downstairs
D:10 1 runed translucent door, RepoMan's ghost, journeyman TrCj
D:11 3 runed translucent doors, kthxbai's ghost, journeyman DsAK
Swamp:3 exclusion: downstairs
Swamp:4 Lernaean hydra
Elf:2 3 runed translucent doors
Vaults:3 2 transporters, exclusion: orange crystal statue, Elsvaer's ghost, adept DEEE; theMacoje's ghost, adept OgAM
Depths:1 exclusion: orange crystal statue


Innate Abilities, Weirdness & Mutations

You are too large for most types of armour.
You have claws for hands.
Your natural rate of healing is unusually fast.
You are covered in fur. (AC +1)
You have tough skin. (AC +1)
You have sharp toenails.
Your magical capacity is low. (-10% MP)
You are somewhat resistant to further mutation.


Message History

Unknown command.
Okay, then.
Unknown command.
Okay, then.
Unknown command.
You eviscerate the deep elf blademaster!!!
The deep elf blademaster is heavily wounded.
Your shadow hits the deep elf blademaster!
A doom hound comes into view.
Unknown command.
You strike the helpless deep elf blademaster from behind!
You eviscerate the deep elf blademaster!!!
You kill the deep elf blademaster!
Dithmenos accepts your kill.
The deep elf master archer shoots an arrow.
The arrow hits you!!!
Unknown command.
The deep elf master archer shoots an arrow.
The arrow hits you.
The hellephant blinks!
The deep elf master archer shoots an arrow.
The arrow hits you. The doom hound bites you! The doom hound claws you!
Things that are here:
a +4 lajatang; +2 shadow dragon scales Unknown command.
Unknown command.
You scratch the deep elf master archer but do no damage.
Your kick misses the deep elf master archer.
The deep elf master archer shoots an arrow.
The arrow hits you!! You block the hellephant's attack.
The hellephant barely misses you. You block the hellephant's attack.
Unknown command.
Unknown command.
As you read the scroll of summoning, it crumbles to dust.
Wisps of shadow whirl around you... The doom hound bites you!
* * * LOW HITPOINT WARNING * * *
The doom hound claws you!
* * * LOW HITPOINT WARNING * * *
The deep elf master archer shoots an arrow.
The arrow hits you!!!
You die...

♣...♣▒.▒.▒...▒..
♣♣♣..♣
♣...♣▒...'...'.∩
♣.....
♣..♣♣▒▒..▒..[▒..
♣..... ♣...♣
▒..▒..▒▒▒'
♣♣....y ♣...♣
▒..▒.▒▒▒..
...§... ♣♣..♣
▒..▒▒▒▒...
..y.yy.♣♣...♣
▒... ▒....
..♣...§♣.uu.♣
▒.▒..▒▒▒▒'
♣.§.§.e@...♣♣
▒.▒▒......
♣..≈≈uh.YG♣♣
▒▒▒▒▒.
♣♣§u§uu♣♣♣♣ ▒..
♣♣≈≈.♣ ... ♣♣.u
... ♣♣♣ ▒.. ▒▒▒


You could see a hellephant (ally target), a doom hound, a deep elf master archer
(ally target), 7 friendly ugly things, 4 friendly spark wasps and a friendly
glowing orange brain (summoned).

Vanquished Creatures
  Sojobo (Vaults:2)
  Margery (Vaults:3)
  Saint Roka (Vaults:1)
  A tentacled monstrosity (Swamp:1)
  3 deep elf blademasters
  2 deep elf master archers (Elf:3)
  2 sphinxes (Vaults:2)
  Gastronok (D:9)
  3 thorn hunters
  Donald (Elf:1)
  Frances (Elf:1)
  4 tengu reavers
  A nagaraja (Snake:4)
  3 deep elf sorcerers (Elf:3)
  An iron dragon (Depths:1)
  A frost giant (D:15)
  14 vault wardens
  2 deep elf elementalists (Elf:3)
  5 very ugly things
  6 ironbound thunderhulks
  A reaper (Depths:1)
  11 ironbound preservers
  3 stone giants
  8 deep elf demonologists
  7 eleionomae
  6 deep elf annihilators
  22 dire elephants
  An entropy weaver (Vaults:1)
  5 bunyips
  3 crystal guardians (Vaults:3)
  6 deep elf death magi (Elf:3)
  Josephine (Lair:5)
  4 shambling mangroves
  5 yaktaur captains
  5 vault guards
  10 naga warriors
  4 peacekeepers
  3 deep elf high priests
  5 boulder beetles
  2 hell beasts (Depths:1)
  A great orb of eyes (Vaults:1)
  2 salamander tyrants
  17 hydras
  An ice dragon (Depths:1)
  Erica (Orc:1)
  11 ironbound frosthearts
  A spriggan air mage (Swamp:3)
  24 centaur warriors
  2 ghost crabs
  8 anacondas
  2 death knights
  3 deep troll shamans (Depths:1)
  5 death yaks (Lair:4)
  A deep troll earth mage (Depths:1)
  6 two-headed ogres
  5 tengu warriors
  6 alligators
  15 naga sharpshooters
  A vampire mage (Depths:1)
  13 dancing weapons
  5 orc high priests (Orc:2)
  A hell hog (Depths:1)
  A spectral dire elephant (Lair:6)
  5 shock serpents
  9 spriggans
  3 hell knights (Vaults:3)
  5 deep elf knights
  A sixfirhy (D:8)
  A salamander mystic (Snake:4)
  A sun demon (Depths:1)
  A shadow wraith (Vaults:2)
  2 spectral death yaks (Lair:6)
  A spectral anaconda (Lair:6)
  8 sea snakes
  2 spriggan druids
  3 bog bodies
  34 deep trolls
  4 goliath frogs
  10 swamp dragons
  An obsidian statue (Lair:6)
  4 naga ritualists
  12 lindwurms
  9 deep elf archers
  A glowing orange brain (Vaults:1)
  10 ironbound convokers
  9 wizards
  5 phantasmal warriors
  10 orc knights
  20 deep elf zephyrmancers
  37 ugly things
  2 manticores
  25 deep elf pyromancers
  9 necromancers
  4 orc sorcerers
  A stone giant zombie (Vaults:4)
  9 mana vipers
  3 will-o-the-wisps
  A fire giant zombie (Vaults:4)
  9 salamanders
  2 oklob plants (Lair:6)
  11 elephants
  15 naga magi
  A stone giant skeleton (Vaults:4)
  9 vault sentinels
  9 guardian serpents
  A rust devil (Depths:1)
  A smoke demon (Depths:1)
  A torpor snail (Lair:5)
  31 black mambas
  2 gargoyles
  An unseen horror (D:8)
  Psyche (D:12)
  18 cane toads
  12 komodo dragons
  A hellwing (Depths:1)
  4 kobold demonologists
  An ice devil (Depths:1)
  30 yaktaurs
  2 freezing wraiths (D:13)
  10 rime drakes
  A tengu conjurer (Depths:1)
  2 meliai (D:15)
  3 bloated husks
  2 red devils (Depths:1)
  7 tyrant leeches
  5 polar bears
  5 trolls
  17 hornets
  25 blink frogs
  A spectral elephant (Lair:6)
  2 human skeletons (Vaults:4)
  4 dream sheep (Lair:5)
  45 slime creatures
  A meliai zombie (D:11)
  A fire giant simulacrum (Vaults:4)
  A shadow (D:9)
  Sigmund (D:2)
  6 wraiths
  3 water elementals
  3 vampires
  4 air elementals (Elf:3)
  5 wyverns
  3 fire elementals
  6 basilisks
  47 yaks
  A steam dragon (Lair:4)
  A neqoxec (Depths:1)
  3 redbacks (Vaults:1)
  8 wargs
  7 vampire mosquitoes
  2 chaos spawn (Depths:1)
  2 spectral cane toads (Lair:6)
  4 acid dragons
  12 swamp worms
  25 nagas
  13 water moccasins
  Duvessa (D:6)
  A hornet zombie (D:7)
  2 black bears (Lair:4)
  41 orc warriors
  3 necrophages
  5 ogres (Orc:1)
  3 swamp drakes (Swamp:3)
  40 wolves
  3 human zombies (Vaults:4)
  14 centaurs
  A phantom (D:4)
  2 elephant skeletons (Lair:6)
  3 kobold brigands
  7 bullfrogs
  2 gnoll sergeants
  An earth elemental (Elf:1)
  A cane toad simulacrum (Lair:6)
  A wyvern skeleton (D:6)
  Dowan (D:6)
  8 killer bees (D:9)
  A wight (D:9)
  6 howler monkeys
  7 electric eels
  A bullfrog zombie (D:6)
  7 centaur zombies
  5 hounds
  3 gnoll shamans
  41 orc priests
  A centaur skeleton (D:6)
  Jessica (D:2)
  2 iguanas
  20 orc wizards
  A hound skeleton (D:4)
  A howler monkey zombie (D:5)
  26 gnolls
  9 adders
  A white imp (D:6)
  A worm (D:3)
  2 dart slugs
  100 orcs
  4 ball pythons
  6 endoplasms
  4 giant cockroaches
  10 goblins
  12 hobgoblins
  9 jackals
  A quokka (D:3)
  4 bats
  A frilled lizard (D:1)
  17 kobolds
  4 rats
1458 creatures vanquished.

Vanquished Creatures (collateral kills)
  Vashnia (Snake:2)
  2 quicksilver dragons (Snake:4)
  The ghost of spacerossing the Sniper, an adept FoHu of Okawaru (Snake:4)
  3 naga sharpshooters (Snake:2)
  A shock serpent (Snake:4)
  A deep elf pyromancer (D:15)
  2 salamanders (Snake:4)
  2 naga magi (Snake:4)
  A meliai (D:15)
  3 nagas (Snake:4)
17 creatures vanquished.

Vanquished Creatures (others)
  2 centaur warriors (Vaults:1)
  2 deep elf knights
  A spriggan (Swamp:1)
  A goliath frog (Swamp:1)
  A hornet (Swamp:1)
  An orc priest (Orc:1)
  A bush (Lair:6)
  10 foxfires
  34 fungi
  81 plants
  14 withered plants
148 creatures vanquished.

Grand Total: 1623 creatures vanquished

Notes
Turn   | Place    | Note
-------+----------+-------------------------------------------
     0 | D:1      | RepoMan the Troll Gladiator began the quest for the Orb.
     0 | D:1      | Reached XP level 1. HP: 19/19 MP: 0/0
    43 | D:1      | Found a faded altar of an unknown god.
   108 | D:1      | Reached XP level 2. HP: 27/27 MP: 1/1
   566 | D:2      | Noticed Sigmund
   566 | D:2      | Noticed Jessica
   635 | D:3      | Reached skill level 4 in Unarmed Combat
   710 | D:3      | Found an ancient bone altar of Kikubaaqudgha.
   720 | D:3      | Reached XP level 3. HP: 24/33 MP: 2/2
   766 | D:3      | Found Rumum's Antique Weapon Boutique.
  1233 | D:3      | Reached skill level 5 in Unarmed Combat
  1233 | D:3      | Reached XP level 4. HP: 41/41 MP: 3/3
  1303 | D:4      | Noticed a phantom
  1314 | D:4      | Killed a phantom
  1315 | D:4      | Reached XP level 5. HP: 33/48 MP: 4/4
  1405 | D:4      | Reached skill level 6 in Unarmed Combat
  1614 | D:4      | Found Kotueth's General Store.
  2064 | D:5      | Entered Level 5 of the Dungeon
  2144 | D:5      | Reached XP level 6. HP: 55/55 MP: 5/5
  2185 | D:5      | Noticed a water moccasin
  2196 | D:5      | Killed a water moccasin
  2197 | D:5      | Reached skill level 7 in Unarmed Combat
  2451 | D:5      | Found a staircase to the Ecumenical Temple.
  2463 | Temple   | Entered the Ecumenical Temple
  2602 | Temple   | Became a worshipper of Dithmenos the Shadowed
  2944 | D:6      | Reached skill level 8 in Unarmed Combat
  2944 | D:6      | Reached XP level 7. HP: 63/63 MP: 6/6
  3073 | D:6      | Gained mutation: Your muscles are strong. (Str +2) [potion
                  | of mutation]
  3240 | D:6      | Reached skill level 9 in Unarmed Combat
  3337 | D:6      | Reached XP level 8. HP: 72/75 MP: 7/7
  3496 | D:6      | Noticed Dowan
  3498 | D:6      | Noticed Duvessa
  3505 | D:6      | Killed Dowan
  3508 | D:6      | Killed Duvessa
  3793 | D:7      | Reached * piety under Dithmenos
  3867 | D:7      | Reached skill level 10 in Unarmed Combat
  3916 | D:7      | Found a stormy altar of Qazlal.
  4482 | D:8      | Found a flagged portal.
  4527 | Bailey   | Entered a bailey
  4559 | Bailey   | Reached XP level 9. HP: 60/85 MP: 8/8
  4562 | Bailey   | Reached skill level 11 in Unarmed Combat
  4613 | Bailey   | Found a large runed translucent door.
  4613 | Bailey   | Found a large runed translucent door.
  4614 | Bailey   | Noticed a deep elf pyromancer
  4633 | Bailey   | Reached skill level 5 in Fighting
  4646 | Bailey   | Noticed an orc knight
  4674 | Bailey   | Killed an orc knight
  4746 | Bailey   | Reached skill level 12 in Unarmed Combat
  4766 | Bailey   | Killed a deep elf pyromancer
  4766 | Bailey   | Reached ** piety under Dithmenos
  4779 | Bailey   | Identified the +2 ice dragon scales of Imouxoumo {rElec rF-
                  | rC++ rCorr Dex+2 SInv}
  4781 | Bailey   | Identified the +1 chain mail of Beogh's Hope {+Inv rCorr
                  | Str-5 Dex+4}
  4927 | D:8      | Identified the +2 scale mail of the Griffon {rC+ Regen+
                  | MP+9 Str-3}
  4995 | D:8      | Killed an unseen horror
  5086 | D:8      | Reached XP level 10. HP: 89/98 MP: 9/9
  5282 | D:8      | Found a radiant altar of Vehumet.
  5338 | D:8      | Found a runed translucent door.
  5339 | D:8      | Found a burning altar of Makhleb.
  5339 | D:8      | Noticed a sixfirhy
  5357 | D:8      | Killed a sixfirhy
  5358 | D:8      | Reached skill level 13 in Unarmed Combat
  5505 | D:8      | Found a sacrificial altar of Ru.
  5686 | D:8      | Found a blossoming altar of Fedhas.
  6033 | D:9      | Reached skill level 14 in Unarmed Combat
  6229 | D:9      | Noticed Gastronok
  6239 | D:9      | Killed Gastronok
  6242 | D:9      | Reached XP level 11. HP: 63/110 MP: 10/10
  6440 | D:9      | Reached *** piety under Dithmenos
  6504 | D:9      | Found a staircase to the Orcish Mines.
  6750 | D:9      | Reached skill level 15 in Unarmed Combat
  6831 | D:9      | Noticed a two-headed ogre
  7084 | D:2      | Killed Sigmund
  7240 | D:2      | Reached **** piety under Dithmenos
  7490 | D:2      | Killed Jessica
  7728 | D:9      | Noticed a two-headed ogre
  7927 | D:10     | Entered Level 10 of the Dungeon
  8030 | D:10     | Found a staircase to the Lair.
  8095 | D:10     | Noticed RepoMan's ghost (journeyman TrCj)
  8109 | D:10     | Found a runed translucent door.
  8771 | Lair:1   | Entered Level 1 of the Lair of Beasts
  8995 | Lair:1   | Reached skill level 16 in Unarmed Combat
  9188 | Lair:1   | Reached ***** piety under Dithmenos
  9208 | Lair:1   | Reached XP level 12. HP: 41/123 MP: 11/11
  9757 | Lair:2   | Reached skill level 17 in Unarmed Combat
  9882 | Lair:2   | Found a staircase to the Snake Pit.
 10154 | Lair:2   | You are sucked into a shaft and drop 2 floors!
 10162 | Lair:4   | Noticed a death yak
 10162 | Lair:4   | Noticed a death yak
 10410 | Lair:3   | Reached skill level 10 in Fighting
 11148 | Lair:4   | Reached skill level 18 in Unarmed Combat
 11567 | Lair:4   | Noticed a death yak
 11567 | Lair:4   | Noticed a death yak
 11568 | Lair:4   | Noticed a death yak
 11588 | Lair:4   | Killed a death yak
 11608 | Lair:4   | Killed a death yak
 11611 | Lair:4   | Killed a death yak
 11632 | Lair:4   | Found a staircase to the Swamp.
 11746 | Lair:4   | Reached XP level 13. HP: 117/135 MP: 12/12
 12377 | Lair:5   | Noticed Josephine
 12387 | Lair:5   | Killed Josephine
 12601 | Lair:2   | Reached skill level 19 in Unarmed Combat
 12725 | Lair:2   | Reached ****** piety under Dithmenos
 12941 | Orc:1    | Entered Level 1 of the Orcish Mines
 12965 | Orc:1    | Noticed Erica
 12981 | Orc:1    | Killed Erica
 13204 | Orc:2    | Entered Level 2 of the Orcish Mines
 13426 | Orc:1    | Reached skill level 1 in Invocations
 13537 | Orc:2    | Found a staircase to the Elven Halls.
 13878 | Orc:2    | Noticed Nessos
 13880 | Orc:2    | Noticed Nessos
 13880 | Orc:2    | Nessos changed into Nessos the komodo dragon
 13883 | Orc:2    | Killed Nessos the komodo dragon
 14239 | Orc:2    | Gained mutation: You tend to lose your temper in combat. [a
                  | neqoxec]
 14369 | Orc:2    | Reached XP level 14. HP: 146/146 MP: 15/15
 14382 | Orc:2    | Reached skill level 20 in Unarmed Combat
 14386 | Orc:2    | HP: 5/148 [orc warrior/+0 long sword (11)]
 14503 | Orc:1    | Lost mutation: Your muscles are strong. (Str +2) [potion of
                  | mutation]
 14503 | Orc:1    | Lost mutation: You tend to lose your temper in combat.
                  | [potion of mutation]
 14503 | Orc:1    | Gained mutation: You have sharp toenails. [potion of
                  | mutation]
 14503 | Orc:1    | Gained mutation: You are somewhat resistant to further
                  | mutation. [potion of mutation]
 14751 | Orc:2    | Found Niawn's Antique Armour Shop.
 14754 | Orc:2    | Found Qoudiuzi's Book Shop.
 14755 | Orc:2    | Found Legaheri's Armour Shop.
 14756 | Orc:2    | Found Xakhaatu's Jewellery Boutique.
 14767 | Orc:2    | Bought steaming swamp dragon scales for 1375 gold pieces
 14767 | Orc:2    | Identified the +0 swamp dragon scales "Onefinkost"
                  | {*Corrode rPois rF+++ Regen+ Slay+2} (You bought it in a
                  | shop on level 2 of the Orcish Mines)
 15300 | Snake:1  | Entered Level 1 of the Snake Pit
 15811 | Lair:6   | Entered Level 6 of the Lair of Beasts
 16562 | Lair:6   | Reached skill level 5 in Invocations
 16643 | Lair:6   | Found a staircase to the Slime Pits.
 16942 | Lair:6   | Reached skill level 21 in Unarmed Combat
 17353 | Lair:6   | Reached XP level 15. HP: 127/158 MP: 18/18
 17510 | Lair:6   | Identified the +0 leather armour "Ageot" {Int+6 SInv}
 18079 | D:9      | Identified the +1 rapier of Fate {vorpal, Str+7}
 18199 | D:11     | Found a broken altar of Ashenzari.
 18268 | D:11     | Found a runed translucent gate.
 18268 | D:11     | Found a runed translucent gate.
 18268 | D:11     | Found a runed translucent gate.
 18296 | D:11     | Noticed kthxbai's ghost (journeyman DsAK)
 18963 | D:12     | Noticed Psyche
 18974 | D:12     | Killed Psyche
 19522 | D:12     | You fall into a shaft and drop 3 floors!
 19522 | D:15     | Entered Level 15 of the Dungeon
 20373 | D:13     | Reached skill level 22 in Unarmed Combat
 20541 | D:13     | Found a gate to the Vaults.
 21900 | D:15     | Found a staircase to the Depths.
 21900 | D:15     | Noticed a frost giant
 21904 | D:15     | Killed a frost giant
 22343 | Snake:1  | Reached XP level 16. HP: 111/170 MP: 21/21
 22534 | Snake:1  | Identified the +6 trident "Odoeh" {chaos, rC- rN+++ Int+4}
 22658 | Snake:1  | Reached skill level 1 in Armour
 23790 | Snake:2  | Noticed Vashnia
 23809 | Snake:2  | Killed Vashnia
 23987 | Snake:2  | Reached skill level 23 in Unarmed Combat
 25955 | Snake:4  | Entered Level 4 of the Snake Pit
 26142 | Snake:4  | Found a runed translucent gate.
 26142 | Snake:4  | Found a runed translucent gate.
 26142 | Snake:4  | Found a runed translucent gate.
 26142 | Snake:4  | Noticed spacerossing's ghost (adept FoHu)
 26195 | Snake:4  | Found the +5 robe of Night {Dark Will+ SInv}
 26382 | Snake:4  | Reached XP level 17. HP: 70/180 MP: 23/23
 27026 | Snake:4  | Reached skill level 5 in Dodging
 27269 | Snake:4  | Noticed a quicksilver dragon
 27281 | Snake:4  | Noticed a quicksilver dragon
 27285 | Snake:4  | Killed a quicksilver dragon
 27287 | Snake:4  | Killed a quicksilver dragon
 27310 | Snake:4  | Got a serpentine rune of Zot
 27503 | Snake:4  | Reached skill level 10 in Invocations
 27508 | Snake:4  | Killed spacerossing's ghost
 27598 | Snake:4  | Identified the +1 cloak of Atheism {+Inv rElec SInv}
 27754 | Swamp:1  | Entered Level 1 of the Swamp
 27986 | Swamp:1  | Noticed a tentacled monstrosity
 28019 | Swamp:1  | Killed a tentacled monstrosity
 28109 | Swamp:1  | Reached skill level 5 in Armour
 28533 | Swamp:2  | Reached skill level 24 in Unarmed Combat
 28533 | Swamp:2  | You are sucked into a shaft and drop 1 floor!
 29242 | Swamp:2  | Reached XP level 18. HP: 177/178 MP: 24/24
 29659 | Swamp:4  | Entered Level 4 of the Swamp
 30175 | Swamp:4  | Noticed the 27-headed Lernaean hydra
 30539 | Elf:1    | Entered Level 1 of the Elven Halls
 31199 | Elf:1    | Noticed Frances
 31217 | Elf:1    | Killed Frances
 31286 | Elf:1    | Reached skill level 15 in Fighting
 31438 | Elf:1    | Found a radiant altar of Vehumet.
 31441 | Elf:1    | Noticed Donald
 31450 | Elf:1    | Killed Donald
 32090 | Elf:2    | Found a runed translucent gate.
 32090 | Elf:2    | Found a runed translucent gate.
 32090 | Elf:2    | Found a runed translucent gate.
 32209 | Elf:2    | Found Zusuufry's Antique Weapon Emporium.
 32269 | Elf:2    | Paralysed by an orc sorcerer for 4 turns
 32550 | Elf:3    | Entered Level 3 of the Elven Halls
 32663 | Elf:3    | Reached skill level 25 in Unarmed Combat
 32702 | Elf:3    | Paralysed by an air elemental for 1 turns
 33628 | Elf:3    | Reached XP level 19. HP: 160/201 MP: 25/25
 34103 | Elf:3    | Found the +0 pair of fencer's gloves {Riposte Dex+3}
 34104 | Elf:3    | Paralysed by an air elemental for 1 turns
 34256 | Elf:3    | Identified the +2 hunting sling of a Gauntlet {vorpal, rN++
                  | Str+5 Stlth-}
 34287 | Elf:3    | Got the Incunabulum of Enthralling Poison
 34292 | Elf:3    | Identified the +2 helmet of Resilience {rC+ Dex+9}
 34295 | Elf:3    | Identified the +9 morningstar "Laesagu" {freeze, rElec}
 34706 | Vaults:1 | Entered Level 1 of the Vaults
 34939 | Vaults:1 | Noticed Saint Roka
 34967 | Vaults:1 | Killed Saint Roka
 35345 | Vaults:1 | Reached skill level 1 in Evocations
 35938 | Vaults:1 | Identified the +5 ring mail of Discretion {MP+9}
 36871 | Vaults:2 | Reached skill level 26 in Unarmed Combat
 36977 | Vaults:2 | Reached XP level 20. HP: 203/203 MP: 26/26
 37037 | Vaults:2 | Learned a level 1 spell: Apportation
 37054 | Vaults:2 | Found Riexaes's Armour Shop.
 37814 | Vaults:2 | Noticed Sojobo
 37839 | Vaults:2 | Killed Sojobo
 37847 | Vaults:2 | HP: 10/213 [centaur warrior (3)]
 38420 | Vaults:3 | Noticed Margery
 38467 | Vaults:3 | Killed Margery
 38622 | Vaults:3 | Learned a level 2 spell: Wereblood
 38976 | Vaults:3 | Found a staircase to the Crypt.
 38976 | Vaults:3 | Found an ancient bone altar of Kikubaaqudgha.
 38976 | Vaults:3 | Found a basalt altar of Yredelemnul.
 39513 | Vaults:3 | Noticed a dread lich
 39514 | Vaults:3 | Noticed theMacoje's ghost (adept OgAM)
 39535 | Vaults:3 | Found a transporter.
 39538 | Vaults:3 | Found a transporter.
 39555 | Vaults:3 | Noticed Elsvaer's ghost (adept DEEE)
 39766 | Vaults:4 | Reached skill level 10 in Dodging
 39909 | Vaults:4 | Reached XP level 21. HP: 116/222 MP: 28/28
 40991 | Depths:1 | Entered Level 1 of the Depths
 41106 | Depths:1 | Found Teallues's Magic Scroll Shop.
 41115 | Depths:1 | Bought a scroll of teleportation for 45 gold pieces
 41115 | Depths:1 | Bought a scroll of fog for 30 gold pieces
 41115 | Depths:1 | Bought a scroll of summoning for 142 gold pieces
 41115 | Depths:1 | Bought a scroll of vulnerability for 112 gold pieces
 41170 | Depths:1 | Gained mutation: Your magical capacity is low. (-10% MP) [a
                  | neqoxec]
 41171 | Depths:1 | Found a one-way gate leading to the halls of Pandemonium.
 41174 | Depths:1 | Reached skill level 5 in Evocations
 41321 | Depths:1 | Reached skill level 10 in Armour
 41329 | Depths:1 | Found a gateway to Hell.
 41383 | Depths:1 | Identified the +7 longbow of Prudence {vorpal, Drain +Blink
                  | Str+6}
 41393 | Depths:1 | Shot with an arrow by a deep elf master archer

Illustrated notes

Levels and vault maps discovered:
D:1:      eino_arrival_cavern_b, layout_rooms, ebering_ecumenical_altar_webs,
          amcnicky_mini_corridor_feature, serial_park_tiny_1
D:2:      layout_basic, chequers_arboretum, chequers_serial_rivers_room_b,
          uniq_sigmund, uniq_jessica
D:3:      layout_loops_cross, kiku_gazebo_garden_becter, serial_shops, shop,
          guppyfry_early_lair_pool
D:4:      layout_cave_pods, serial_shops,
          nicolae_shop_competitors_out_of_business,
          corexii_item_surrounded_by_moat, minmay_misc_feat_nine_boxes,
          kennysheep_diamond, minmay_strange_pillars
D:5:      layout_loops_cross, minmay_temple_entry_glassed_door
D:6:      layout_loops_cross, chequers_serial_rivers_small_a, uniq_duvessa
D:7:      layout_basic, grunt_qazlal_clouds
D:8:      layout_loops_corners, kennysheep_mini_moat, nzn_makhleb_speed_demon,
          mainiacjoe_overflow_tiny_flanked, mainiacjoe_overflow_six_doors_small,
          enter_bailey_4, hangedman_decor_push
D:9:      layout_long_grid, david_orc_5, nzn_random_ring, uniq_gastronok
D:10:     layout_stronghold, erik_lair_island, hellmonk_ghost_happy_afterlife
D:11:     layout_grid_maze, maelrawn_ghost_gauntlet_escape,
          evilmike_ruin_ashenzari
D:12:     layout_loops_ring, uniq_psyche
D:13:     layout_loops_ring, david_vaults_1
D:14:     layout_irregular_city, serial_bayou_lagoon_a
D:15:     grunt_enter_depths_snipers, layout_rooms, minmay_misc_feat_square
Temple:   nicolae_temple_elliptical
Lair:1:   layout_hall_layers, grunt_megastairs_5
Lair:2:   layout_cave_pods, dummy_snake_entry, grunt_megastairs_4,
          serial_bayou_shore_b
Lair:3:   layout_regular_city, grunt_megastairs_2
Lair:4:   beast_lair_carwin_large_2, layout_regular_city, swamp_mist_pool,
          amcnicky_mini_pool_medium
Lair:5:   layout_regular_city, uniq_josephine
Lair:6:   due_jungle_book, layout_cave_pods, minmay_slime_entry_oklob_open
Swamp:1:  nicolae_swamp_long_stream, layout_basic_swamp,
          evilmike_swamp_ruin_rubble_2
Swamp:2:  layout_falls_marsh, hangedman_swamp_pad
Swamp:3:  layout_falls_marsh, evilmike_swamp_ruin_house_4
Swamp:4:  swamp_alternative, layout_basic_swamp, swamp_pool3,
          infiniplex_staircase_pool
Snake:1:  layout_basic, grunt_ministairs_9, grunt_megastairs_1
Snake:2:  layout_layer_cave, serial_bayou_lake_a, uniq_vashnia
Snake:3:  layout_cave_town
Snake:4:  hellmonk_snake_rune_quicksilver_temple, layout_rooms,
          gammafunk_ghost_split, serial_bayou_pond_c, serial_bayou_shore_a
Orc:1:    layout_diamond_mine, uniq_erica
Orc:2:    st_orc_pillars, layout_diamond_mine, basic_altar, minmay_orc_temple_a,
          uniq_nessos
Elf:1:    eino_elf_arrival_customs, layout_loops_corners, basic_altar,
          evilmike_minifort, uniq_frances, uniq_donald
Elf:2:    elven_hall_of_blades_hangedman_original
          [nicolae_blade_entry_hurt_lockers], layout_loops_corners,
          serial_shops, shop
Elf:3:    elf_hall_gauntlet_wide, layout_gridlike
Vaults:1: ontoclasm_vaults_ligature, hangedman_vaults_stream,
          vaults_standard_mumra_x, ontoclasm_vaults_eye, dpeg_vaults_waves,
          grunt_vaults_hallway_short, nicolae_vaults_triangles,
          ontoclasm_vaults_misaligned, ontoclasm_vaults_shuriken,
          vaults_room_stairs_pillars, layout_vaults_omnibox, uniq_saint_roka
Vaults:2: nicolae_vaults_know_your_exits, v_misc_4,
          nicolae_vaults_diagonal_hallway_8, nicolae_vaults_mini_display_case,
          hangedman_vaults_pinch, hangedman_vaults_restitches,
          hangedman_vaults_stretched_pinwheel, vaults_room_large_hall,
          nicolae_vaults_border_crossing, layout_vaults_big_room, serial_shops,
          nicolae_shop_hallway_stairs, uniq_sojobo
Vaults:3: nzn_ghost_randoct, v_misc_5, v_misc_22, v_misc_12, vaults_room_fours,
          v_misc_3, grunt_vaults_diagonal, vaults_mumra_lcd,
          minmay_crypt_entry_necro_gods, nicolae_vaults_rhombus_7,
          nicolae_vaults_little_ls, layout_vaults_omnigrid, uniq_margery
Vaults:4: vaults_room_octagon, v_misc_16, vaults_room_stairs_pillars,
          grunt_vaults_twisty, nicolae_vaults_three_branches,
          nicolae_vaults_little_squares_1, ontoclasm_vaults_ring_large,
          nicolae_vaults_diagonal_hallway_9, ontoclasm_vaults_loading_screen,
          vaults_dpeg_ring, nicolae_vaults_little_squares_4,
          layout_vaults_maze_bifur
Depths:1: layout_twisted_cross, grunt_mini_vestibule, grunt_pan_entry_zigzag,
          nicolae_gozag_cash_rules_everything_around_me, serial_shops,
          nicolae_shop_statue_plus, kennysheep_mini, minivault_15,
          beargit_elvish_explorers, serial_bayou_shore_b

Skill      XL: |  1  2  3  4  5  6  7  8  9 10 11 12 13 14 15 16 17 18 19 20 21 |
---------------+----------------------------------------------------------------+-----
Unarmed Combat | 4 5 6 8 9 10 12 14 16 18 19 21 22 23 24 25 26 | 26.9
Fighting       | 3 4 6 7 9 10 11 12 13 14 15 16 | 16.4
Invocations    | 3 6 8 9 10 11 | 11.8
Armour         | 3 5 7 8 9 10 | 10.0
Dodging        | 4 6 8 9 10 | 10.4
Evocations     | 2 4 5 |  5.1
Throwing       | |  1.7

Action                   |  1- 3 |  4- 6 |  7- 9 | 10-12 | 13-15 | 16-18 | 19-21 || total
-------------------------+-------+-------+-------+-------+-------+-------+-------++-------
Melee: Unarmed           |   103 |    79 |   171 |   493 |   933 |   903 |   925 ||  3607
       Punch             |     1 |     5 |     9 |    39 |   101 |   114 |   160 ||   429
       Kick              |       |       |       |       |   179 |   306 |   351 ||   836
       Battleaxe         |       |       |       |       |    20 |    44 |       ||    64
Throw: Throwing net      |     2 |     1 |     3 |     1 |     2 |     6 |       ||    15
       Dart              |       |       |       |     2 |    17 |     1 |       ||    20
Invok: Shadow Form       |       |       |       |       |       |     2 |     2 ||     4
       Shadow Step       |       |       |       |       |       |       |     1 ||     1
 Abil: End Transformatio |       |       |       |       |       |     2 |     2 ||     4
Evoke: Wand              |       |     1 |    10 |    15 |    42 |    67 |     1 ||   136
       Phial of floods   |       |       |       |       |     2 |     1 |     1 ||     4
  Use: Potion            |       |       |     9 |     2 |     3 |     7 |    17 ||    38
       Scroll            |       |       |     7 |     5 |    18 |    22 |     8 ||    60
 Stab: Sleeping          |       |     1 |       |     2 |     1 |       |       ||     4
       Invisible         |       |       |       |       |       |     7 |     2 ||     9
       Distracted        |       |       |       |       |       |     3 |     3 ||     6
       Held in net/web   |       |       |       |       |       |     1 |       ||     1
       Paralysed         |       |       |       |       |       |     1 |       ||     1
Armor: Robe              |    27 |    14 |    30 |    65 |       |       |       ||   136
       Skin              |       |       |    50 |       |    64 |       |       ||   114
       Ice dragon scales |       |       |       |     4 |    21 |       |       ||    25
       Steam dragon scal |       |       |       |     6 |    43 |       |       ||    49
       Swamp dragon scal |       |       |       |       |    85 |   265 |    74 ||   424
       Quicksilver drago |       |       |       |       |       |       |   112 ||   112
Dodge: Dodged            |    44 |    28 |    66 |   169 |   248 |   321 |   228 ||  1104
Block: Other             |       |       |       |    24 |   135 |   163 |    92 ||   414
       Reflection        |       |       |       |       |    11 |    17 |     6 ||    34
